 Dungeon Crawl Stone Soup version 0.27-a0-1196-g3e9cee4cb2 (webtiles) character file.

Game seed: 13600887330788815835

11323 Wyvernaa the Spear-Bearer (level 11, -1/95 HPs)
             Began as a Hill Orc Monk on May 26, 2021.
             Was a Priest of Beogh.
             Slain by a cane toad (14 damage)
             ... on level 2 of the Lair of Beasts on May 28, 2021.
             The game lasted 00:47:11 (16467 turns).

Wyvernaa the Spear-Bearer (Hill Orc Monk)          Turns: 16467, Time: 00:47:12

Health: -1/95      AC: 18    Str: 15 (16) XL:     11   Next: 75%
Magic:  12/12      EV:  8    Int:  7 (10) God:    Beogh [***...]
Gold:   574        SH:  0    Dex: 14 (15) Spells: 10/10 levels left

rFire    . . .     SeeInvis .   p - +0 halberd (elec)
rCold    . . .     Faith    .   (shield currently unavailable)
rNeg     + + .     Spirit   .   M - +6 chain mail "Gyz Ziawk" {rN++}
rPois    +         Reflect  .   (no helmet)
rElec    .         Harm     .   (no cloak)
rCorr    .         Rampage  .   k - +0 pair of gloves
Will     +....                  (no boots)
Stlth    ..........             w - amulet of the acrobat
HPRegen  0.25/turn              F - ring of poison resistance
MPRegen  0.13/turn              j - ring of willpower

@: lethally poisoned (-1 -> -3), slowed, very slow
A: no striking features
a: Renounce Religion, Smiting


You were on level 2 of the Lair of Beasts.
You worshipped Beogh.
Beogh was most pleased with you.
You visited 2 branches of the dungeon, and saw 13 of its levels.
You also visited: Ossuary.

You collected 574 gold pieces.

Inventory:

Hand Weapons
 a - a +2 spear of flaming
 p - a +0 halberd of electrocution (weapon)
Missiles
 s - a curare-tipped dart (quivered)
Armour
 f - a +0 chain mail
 k - a +0 pair of gloves (worn)
 u - the +0 ring mail of a Gauntlet {rN+ SInv}
   (You found it on level 6 of the Dungeon)

   It protects you from negative energy.
   It lets you see invisible.
 C - a +0 tower shield
 D - +1 steam dragon scales
 M - the +6 chain mail "Gyz Ziawk" (worn) {rN++}
   (You found it on level 1 of the Lair of Beasts)

   It greatly protects you from negative energy.
 P - a +0 kite shield
Jewellery
 b - a ring of protection from fire
 c - a ring of fire
 j - a ring of willpower (right hand)
 w - an amulet of the acrobat (around neck)
 y - a +6 ring of dexterity
 F - a ring of poison resistance (left hand)
 G - an amulet of faith
Wands
 e - a wand of flame (87)
 i - a wand of polymorph (10)
 O - a wand of iceblast (1)
Scrolls
 d - a scroll of teleportation
 m - a scroll of magic mapping
 n - 3 scrolls of summoning
 r - a scroll of immolation
 x - a scroll of vulnerability
 E - 2 scrolls of fog
 J - a scroll of fear
 K - a scroll of brand weapon
 L - a scroll of torment
 Q - a scroll of identify
Potions
 g - 2 potions of flight
 h - a potion of magic {unknown}
 l - 2 potions of degeneration
 o - 2 potions of ambrosia {unknown}
 q - 3 potions of lignification {unknown}
 z - 2 potions of cancellation {unknown}
 B - a potion of mutation {unknown}
 H - 2 potions of resistance {unknown}
 I - a potion of berserk rage {unknown}
 N - a potion of invisibility {unknown}


   Skills:
 + Level 8.6 Fighting
 * Level 14.4 Polearms
 * Level 8.2 Armour
 + Level 4.0 Dodging
 + Level 4.5 Stealth
 * Level 3.5 Shields
 * Level 2.2 Invocations
 + Level 1.2 Evocations


You had 10 spell levels left.
You didn't know any spells.
Your spell library contained the following spells:

 Spells                   Type           Power      Damage    Failure   Level
 Freeze                   Ice            0%         1d3       100%        1
 Frozen Ramparts          Ice            0%         1d2       100%        3
 Ozocubu's Armour         Ice            0%         N/A       100%        3
 Hailstorm                Conj/Ice       0%         3d3       100%        4
 Metabolic Englaciation   Hex/Ice        0%         N/A       100%        5


Dungeon Overview and Level Annotations

Branches:
Dungeon (11/15)            Temple (0/1) D:5            Lair (2/6) D:9
 Spider (0/4) Lair:2          Orc (0/2) D:10        Ossuary (visited)
  Swamp: Lair:2-4    Shoals: Lair:2-4

Altars:
Elyvilon
Nemelex Xobeh
Xom

Shops:
D:7 [!(((   D:8 ?

Annotations:
D:4 Menkaure
D:11 Urug
Lair:1 3 runed translucent doors, robertstho's ghost, journeyman DrBe


Message History

Lightning courses through the cane toad!
The cane toad is almost dead.
The cane toad stings you!
* * * LOW HITPOINT WARNING * * *
Unknown command.
You feel much better. The cane toad stings you. x2
You are poisoned.
The cane toad poisons you!
Blink to where?
Press: ? - help, Dir - move target, p - cane toad You can't see that place. [the floor.]
Okay, then.
Blink to where?
Press: ? - help, Dir - move target, p - cane toad
As you read the scroll of blinking, it crumbles to dust.
You feel yourself speed up.
You feel very sick.
Being near the torpor snail leaves you feeling lethargic.
Okay, then.
You feel yourself speed up.
You feel very sick.
Being near the torpor snail leaves you feeling lethargic.
You feel yourself speed up.
You feel very sick.
Being near the torpor snail leaves you feeling lethargic.
You feel yourself speed up.
You feel sick.
Being near the torpor snail leaves you feeling lethargic.
Found a sapphire potion.
A water moccasin comes into view.
You feel yourself speed up.
You feel sick.
The water moccasin hisses angrily.
Being near the torpor snail leaves you feeling lethargic.
It was a potion of degeneration.
There was something very wrong with that liquid.
You feel weakened.
You feel dopey.
You feel clumsy.
You feel sick. The water moccasin barely misses you. The cane toad stings you!
You die...

#.....# *,,,,,*#P...............<
......# *,****,#......$..........
......##**######P................
.....ยง.####.#..#.................
....##...........................
...*^##...^......................
..*#^^.^(.w.^....................
.,#^^..........F.................
,,#^^...##^.....@................
,.....^^^##^..##S...##.###.......
,....#^>^^###.#.....##.#*,#......
,...#^^^^^^*###.....P#..,**......
,,,**^^,,^***,.#.........**......
*,,**^,,,,,,,...........,,,......
,,,*,,,,,,,,^.#P....!...,,*,,,,,,
*,,,,,,,^,,,..,......#..,*,,,,,,,
*,,,,,,,,,,,,,,*,,,,,*,,,**,,,,,,


You could see a torpor snail, a cane toad and a water moccasin.

Vanquished Creatures
  A hydra (Lair:1)
  A death yak (D:9)
  A tengu warrior (D:10)
  A black mamba (Lair:1)
  3 komodo dragons (Lair:1)
  2 cane toads (Lair:1)
  A troll (D:10)
  5 blink frogs
  2 redbacks (Lair:2)
  A shadow (D:10)
  4 yaks (Lair:1)
  A wyvern (D:9)
  A basilisk (D:9)
  3 steam dragons
  2 acid dragons
  3 water moccasins (Lair:1)
  A hornet zombie (Ossuary)
  4 orc warriors
  2 black bears
  An ogre (D:6)
  3 wolves (Lair:1)
  2 centaurs
  2 phantoms
  2 kobold brigands
  Blork the orc (D:6)
  2 bullfrogs (Lair:1)
  2 water moccasin zombies (Ossuary)
  4 wyvern zombies (Ossuary)
  12 killer bees
  8 wights (D:10)
  3 howler monkeys
  10 centaur zombies
  4 bullfrog zombies (Ossuary)
  2 jellies
  A gnoll shaman (D:7)
  5 orc priests
  2 hounds
  12 mummies (Ossuary)
  3 iguanas (D:5)
  7 orc wizards
  3 killer bee zombies (Ossuary)
  A hound zombie (D:5)
  A hound skeleton (D:4)
  8 gnolls
  6 adders
  A shadow imp (D:4)
  3 dart slugs
  23 orcs
  7 bats
  5 endoplasms
  A giant cockroach (D:3)
  2 goblins (D:4)
  12 hobgoblins
  4 jackals (D:4)
  A quokka (D:1)
  6 ball pythons
  A frilled lizard (D:2)
  15 kobolds
  6 rats
233 creatures vanquished.

Vanquished Creatures (collateral kills)
  An orc wizard (D:10)
1 creature vanquished.

Vanquished Creatures (others)
  2 orc priests
  An orc wizard (D:11)
  An orc (D:9)
  A kobold (D:8)
  4 fungi
  4 plants
  6 withered plants (Ossuary)
19 creatures vanquished.

Grand Total: 253 creatures vanquished

Notes
Turn   | Place    | Note
-------+----------+-------------------------------------------
     0 | D:1      | Wyvernaa the Hill Orc Monk began the quest for the Orb.
     0 | D:1      | Reached XP level 1. HP: 19/19 MP: 1/1
   211 | D:1      | Found a faded altar of an unknown god.
   344 | D:1      | Reached XP level 2. HP: 27/27 MP: 2/2
  1071 | D:2      | Reached skill level 4 in Polearms
  1090 | D:2      | Reached XP level 3. HP: 32/33 MP: 3/3
  1501 | D:3      | Reached skill level 1 in Armour
  2021 | D:3      | Reached XP level 4. HP: 23/40 MP: 4/4
  2347 | D:3      | Reached skill level 5 in Polearms
  2428 | D:3      | Reached XP level 5. HP: 46/46 MP: 5/5
  2825 | D:4      | Noticed a phantom
  2843 | D:4      | Killed a phantom
  2956 | D:4      | Reached XP level 6. HP: 33/52 MP: 6/6
  3400 | D:2      | Found a white marble altar of Elyvilon.
  4076 | D:4      | Reached skill level 6 in Polearms
  4210 | D:4      | Noticed Menkaure
  4388 | D:5      | Entered Level 5 of the Dungeon
  4399 | D:5      | Upgraded the game from 0.27-a0-1193-g8631133539 to
                  | 0.27-a0-1196-g3e9cee4cb2
  4409 | D:5      | Reached XP level 7. HP: 54/60 MP: 7/7
  4439 | D:5      | You fall into a shaft and drop 1 floor!
  4454 | D:6      | Noticed Blork the orc
  4460 | D:6      | Killed Blork the orc
  4651 | D:5      | Reached skill level 7 in Polearms
  4768 | D:5      | Reached skill level 5 in Fighting
  4927 | D:5      | Found a staircase to the Ecumenical Temple.
  5151 | D:5      | Reached XP level 8. HP: 46/68 MP: 8/8
  5595 | D:6      | Reached skill level 8 in Polearms
  5610 | D:6      | Identified the +0 ring mail of a Gauntlet {rN+ SInv}
  6008 | D:7      | Found a sand-covered staircase.
  6017 | Ossuary  | Entered an ossuary
  6180 | Ossuary  | Reached skill level 9 in Polearms
  6435 | Ossuary  | Reached XP level 9. HP: 62/75 MP: 9/9
  6629 | Ossuary  | Reached skill level 10 in Polearms
  6690 | Ossuary  | Reached skill level 5 in Armour
  6934 | D:7      | Found Ahenaro's Weapon Shop.
  7379 | D:7      | Found Ephew's Weapon Shoppe.
  7458 | D:7      | Found Hityvuto's Antique Weapon Boutique.
  7477 | D:7      | Reached skill level 11 in Polearms
  7773 | D:7      | Found Sosurycwoe's Distillery.
  7877 | D:7      | Found Gocryg Emya's Antique Armour Boutique.
  8736 | D:8      | Became a worshipper of Beogh the Brigand
  8736 | D:8      | Reached * piety under Beogh
  8736 | D:8      | Reached ** piety under Beogh
  9276 | D:8      | Found Zowyun Sagh's Magic Scroll Boutique.
  9555 | D:8      | Reached XP level 10. HP: 55/84 MP: 10/10
  9686 | D:9      | Reached skill level 12 in Polearms
 10238 | D:9      | Found a staircase to the Lair.
 10238 | D:9      | Noticed a death yak
 10257 | D:9      | Killed a death yak
 10445 | D:9      | Found a shimmering altar of Xom.
 11045 | D:10     | Entered Level 10 of the Dungeon
 11196 | D:10     | Reached skill level 13 in Polearms
 11884 | D:10     | Noticed a tengu warrior
 12010 | Lair:1   | Entered Level 1 of the Lair of Beasts
 12020 | Lair:1   | Noticed a cane toad
 12022 | Lair:1   | Noticed a black mamba
 12028 | Lair:1   | Killed a black mamba
 12029 | Lair:1   | Reached skill level 1 in Shields
 12034 | Lair:1   | Killed a cane toad
 12237 | Lair:1   | Noticed robertstho's ghost (journeyman DrBe)
 12279 | Lair:1   | Reached XP level 11. HP: 67/93 MP: 11/11
 12286 | Lair:1   | Reached *** piety under Beogh
 12440 | Lair:1   | Found a runed translucent gate.
 12440 | Lair:1   | Found a runed translucent gate.
 12440 | Lair:1   | Found a runed translucent gate.
 12461 | Lair:1   | Identified the +6 chain mail "Gyz Ziawk" {rN++}
 12969 | Lair:1   | Reached skill level 14 in Polearms
 13095 | Lair:1   | Noticed a seven-headed hydra
 13302 | D:10     | Found a staircase to the Orcish Mines.
 13504 | D:10     | Killed a tengu warrior
 14605 | D:11     | Noticed Urug
 14608 | D:11     | Reached skill level 1 in Invocations
 14612 | D:11     | Noticed a two-headed ogre
 14861 | Lair:1   | Found a sparkling altar of Nemelex Xobeh.
 14923 | Lair:1   | Killed a seven-headed hydra
 16448 | Lair:2   | Reached skill level 1 in Evocations
 16451 | Lair:2   | Found a hole to the Spider Nest.
 16467 | Lair:2   | Slain by a cane toad

Illustrated notes

Levels and vault maps discovered:
D:1:      matt_arrival_los_fun, layout_basic, basic_ecumenical_altar
D:2:      layout_rooms, basic_altar, grunt_decor_one_mirror
D:3:      layout_basic, chequers_serial_rivers_micro_c,
          hangedman_abyss_or_decor_stabs
D:4:      layout_rooms, minmay_misc_feat_room, uniq_menkaure
D:5:      layout_rooms, minmay_temple_entry_sparse_star, kennysheep_nub,
          minmay_misc_feat_more_columns
D:6:      layout_loops_ring, uniq_blork_the_orc
D:7:      layout_basic, enter_ossuary_1, serial_shops, shop, shop,
          kennysheep_mini_moat, nicolae_shop_trees, shop_fountains,
          kennysheep_flooded_box
D:8:      layout_loops_ring, serial_shops, shop_statue
D:9:      layout_small_grid, lemuel_coloured_pillars_altar, david_lair_generic
D:10:     layout_stronghold, orc_0_dummy
D:11:     layout_long_grid, hangedman_feature_mirror, uniq_urug, uniq_erolcha
Lair:1:   layout_cave_pods, basic_altar, gammafunk_ghost_icy, grunt_megastairs_5
Lair:2:   dpeg_oklob_shooting_range, layout_regular_city,
          spider_nest_entry_webs, enter_volcano_1,
          hellmonk_ghost_happy_afterlife, minivault_25

Skill      XL: |  1  2  3  4  5  6  7  8  9 10 11 |
---------------+----------------------------------+-----
Polearms       | 4 5 6 7 9 11 13 14 | 14.4
Armour         | 1 2 3 4 5 6 8 |  8.2
Fighting       | 4 5 6 7 8 |  8.6
Stealth        | 2 3 4 |  4.5
Dodging        | 3 4 |  4.0
Shields        | 1 3 |  3.5
Invocations    | 2 |  2.2
Evocations     | 1 |  1.2

Action                   |  1- 3 |  4- 6 |  7- 9 | 10-12 || total
-------------------------+-------+-------+-------+-------++-------
Melee: Spear             |   106 |   136 |       |    55 ||   297
       Halberd           |       |     5 |   311 |   244 ||   560
Invok: Convert to Beogh  |       |       |     1 |       ||     1
       Smiting           |       |       |       |     2 ||     2
Evoke: Wand              |       |       |       |     9 ||     9
  Use: Scroll            |     4 |     7 |     9 |     5 ||    25
       Potion            |       |     1 |     2 |    10 ||    13
 Stab: Sleeping          |     8 |     3 |     5 |     3 ||    19
       Distracted        |       |     2 |     4 |       ||     6
Armor: Robe              |    10 |       |       |       ||    10
       Leather armour    |    11 |    12 |    30 |       ||    53
       Steam dragon scal |       |       |    15 |    24 ||    39
       Chain mail        |       |       |       |    54 ||    54
Dodge: Dodged            |    47 |    52 |   176 |   136 ||   411
Block: Kite shield       |       |       |       |    29 ||    29

Table legend: (Time is in decaauts)
 A = Elapsed time spent in this place.
 B = Non-inter-level travel time spent in this place.
 C = Inter-level travel time spent in this place.
 D = Time resting spent in this place.
 E = Time spent auto-exploring this place.
 F = Levels seen in this place.
 G = Mean time per level.
                   A        B        C        D        E       F      G
               +--------+--------+--------+--------+--------+-----+--------+
         Total |  16416 |  15930 |    486 |   6126 |   5948 |  14 | 1172.6 |
       Dungeon |  12719 |  12290 |    429 |   4156 |   5425 |  11 | 1156.3 |
          Lair |   2800 |   2743 |     57 |   1481 |    523 |   2 | 1400.0 |
       Ossuary |    896 |    896 |      0 |    488 |      0 |   1 |  896.0 |
               +--------+--------+--------+--------+--------+-----+--------+

Top non-repeatable levels by time:
  Lair:1: 2697 daAuts
    D:10: 2286 daAuts
     D:3: 1981 daAuts
     D:8: 1678 daAuts
     D:9: 1549 daAuts
     D:7: 1153 daAuts
     D:1: 965 daAuts
     D:2: 909 daAuts
 Ossuary: 896 daAuts
     D:5: 852 daAuts
     D:6: 731 daAuts
     D:4: 502 daAuts
    D:11: 109 daAuts
  Lair:2: 103 daAuts
